 Dungeon Crawl Stone Soup version 0.28.0 (webtiles) character file.

Game seed: 7341253198826204704

517 issech the Cudgeller (level 7, -1/68 HPs)
             Began as a Troll Monk on Feb 14, 2022.
             Slain by Crazy Yiuf (9 damage)
             ... on level 2 of the Dungeon.
             The game lasted 00:11:23 (2589 turns).

issech the Cudgeller (Troll Monk)                   Turns: 2589, Time: 00:11:23

Health: -1/68      AC:  4    Str: 20    XL:     7   Next: 0%
Magic:  6/6        EV: 11    Int:  6    God:
Gold:   151        SH:  0    Dex: 14    Spells: 6/6 levels left

rFire   . . .      SeeInvis .   a - +0 mace
rCold   . . .      Faith    .   (no shield)
rNeg    . . .      Spirit   .   b - +0 robe
rPois   .          Reflect  .   (helmet restricted)
rElec   .          Harm     .   (no cloak)
rCorr   .          Rampage  .   (gloves unavailable)
Will    .....                   (boots unavailable)
Stlth   ++........              k - amulet of magic regeneration
HPRegen 1.01/turn               (no ring)
MPRegen 0.50/turn               (no ring)

@: lethally poisoned (-1 -> -2)
A: large, unfitting armour, claws 3, regeneration 1, shaggy fur 1, tough skin 1
a: no special abilities


You were on level 2 of the Dungeon.
You visited 1 branch of the dungeon, and saw 3 of its levels.
You also visited: Sewer.

You collected 151 gold pieces.

Inventory:

Hand Weapons
 a - a +0 mace (weapon)
 h - a +2 dagger of venom
Missiles
 c - 165 stones (quivered)
 d - a curare-tipped dart
 e - 3 poisoned darts
 i - 19 arrows
Armour
 b - a +0 robe (worn)
Jewellery
 k - an amulet of magic regeneration (around neck)
Wands
 o - a wand of iceblast (5)
Scrolls
 f - a scroll of silence
 g - a scroll of fog
 m - a scroll of enchant armour
 r - a scroll of summoning {unknown}
 s - a scroll of enchant weapon
 t - a scroll of blinking {unknown}
Potions
 j - 2 potions of heal wounds
 l - a potion of lignification {unknown}
 n - a potion of degeneration {unknown}
 p - 3 potions of flight
 q - a potion of haste {unknown}


   Skills:
 + Level 3.8 Fighting
 + Level 4.7 Maces & Flails
 + Level 4.4 Dodging
 + Level 1.5 Stealth


You had 6 spell levels left.
You didn't know any spells.
Your spell library was empty.

Dungeon Overview and Level Annotations

Branches:
Dungeon (3/15)              Sewer (visited)

Altars:

Annotations:
D:2 Crazy Yiuf


Innate Abilities, Weirdness & Mutations

You are too large for most types of armour.
You have claws for hands.
Your natural rate of healing is unusually fast.
You are covered in fur. (AC +1)
You have tough skin. (AC +1)


Message History

The dart slug is heavily wounded.
The dart slug launches a dart at you. The slug dart misses you.
You hit the dart slug.
You kill the dart slug!
You see here a dart slug corpse.
Found a stone staircase leading down.
Crazy Yiuf shouts!
You open the door.
Crazy Yiuf says, "Walk light alas!"
You hit Crazy Yiuf.
Crazy Yiuf is moderately wounded.
Crazy Yiuf zaps a wand.
The puff of flame misses you.
You barely miss Crazy Yiuf.
Crazy Yiuf is moderately wounded.
Crazy Yiuf yells, "Shadow!"
Crazy Yiuf hits you with a +4 quarterstaff of chaos!
Crazy Yiuf burns you.
You barely miss Crazy Yiuf.
Crazy Yiuf is moderately wounded.
Crazy Yiuf hits you with a +4 quarterstaff of chaos!
You are poisoned.
You hit Crazy Yiuf but do no damage.
Crazy Yiuf is moderately wounded.
You feel very sick.
Crazy Yiuf says, "Two shoe shrimp!"
Crazy Yiuf hits you with a +4 quarterstaff of chaos.
Crazy Yiuf completely misses you.
You hit Crazy Yiuf but do no damage.
Crazy Yiuf is moderately wounded.
You feel very sick.
Crazy Yiuf hits you with a +4 quarterstaff of chaos!
Space warps horribly around you!!
* * * LOW HITPOINT WARNING * * *
You hit Crazy Yiuf.
Crazy Yiuf is moderately wounded.
You feel sick.
Crazy Yiuf cries, "Sif Muna!
Hah koolooloo arm."
Crazy Yiuf hits you with a +4 quarterstaff of chaos!
You die...

###....#
#....#
♣....♣
♣♣...♣
♣♣.♣♣
♣♣.♣
♣.♣♣
♣♣.♣
♣@♣♣ #g#
...
#...#
#)..#
#####


You could see Crazy Yiuf.

Vanquished Creatures
  Grinder (D:3)
  2 kobold brigands (Sewer)
  A howler monkey (D:3)
  Terence (D:3)
  2 adders
  A worm (D:1)
  2 dart slugs
  2 orcs (D:3)
  6 endoplasms
  6 giant cockroaches
  5 goblins
  2 hobgoblins
  3 jackals (D:1)
  2 quokkas (D:3)
  7 ball pythons
  10 bats
  2 frilled lizards (D:2)
  8 kobolds
  28 rats
91 creatures vanquished.

Notes
Turn   | Place    | Note
-------+----------+-------------------------------------------
     0 | D:1      | issech the Troll Monk began the quest for the Orb.
     0 | D:1      | Reached XP level 1. HP: 22/22 MP: 0/0
   147 | D:1      | Reached XP level 2. HP: 26/29 MP: 1/1
   169 | D:1      | Found a faded altar of an unknown god.
   803 | D:1      | Reached XP level 3. HP: 35/36 MP: 2/2
  1218 | D:2      | Found a runed translucent door.
  1219 | D:2      | Noticed Crazy Yiuf
  1307 | D:2      | You fall into a shaft and drop 1 floor!
  1307 | D:3      | Found a glowing drain.
  1374 | Sewer    | Entered a sewer
  1449 | Sewer    | Noticed a kobold brigand
  1460 | Sewer    | Noticed a kobold brigand
  1462 | Sewer    | Reached XP level 4. HP: 44/44 MP: 3/3
  1468 | Sewer    | Killed a kobold brigand
  1469 | Sewer    | Reached XP level 5. HP: 53/53 MP: 4/4
  1527 | Sewer    | Found a white marble altar of Elyvilon.
  1724 | D:3      | Noticed Terence
  1743 | D:3      | Killed Terence
  1753 | D:3      | Reached XP level 6. HP: 56/61 MP: 5/5
  1771 | D:3      | Noticed Grinder
  1772 | D:3      | Paralysed by Grinder for 4 turns
  1791 | D:3      | Paralysed by Grinder for 2 turns
  1897 | D:3      | Killed Grinder
  2447 | D:2      | Reached XP level 7. HP: 68/68 MP: 6/6
  2589 | D:2      | Slain by Crazy Yiuf

Illustrated notes

Levels and vault maps discovered:
D:1:      giann_horns, layout_basic, ebering_ecumenical_altar_abandoned
D:2:      layout_basic, uniq_crazy_yiuf_cottage
D:3:      layout_rooms, portal_sewer_entry_a, minmay_rat_hole, uniq_terence,
          uniq_grinder

Skill      XL: |  1  2  3  4  5 |
---------------+----------------+-----
Dodging        | 3 4 |  4.4
Maces & Flails | 3 4 |  4.7
Fighting       | 3 |  3.8
Stealth        | |  1.5

Action                   |  1- 3 |  4- 6 |  7- 9 || total
-------------------------+-------+-------+-------++-------
Melee: Mace              |   185 |   133 |     9 ||   327
       Punch             |     2 |     1 |       ||     3
  Use: Scroll            |     3 |     1 |       ||     4
       Potion            |     2 |       |       ||     2
 Stab: Sleeping          |     2 |       |       ||     2
Armor: Robe              |   153 |    32 |       ||   185
Dodge: Dodged            |   212 |    80 |     4 ||   296
